 Dungeon Crawl Stone Soup version 0.25-a0-68-ge58f8a54b6 (webtiles) character file.

Game seed: 14811082218798447374, levelgen mode: deterministic

56 iamserjio the Stinger (level 3, -3/26 HPs)
             Began as an Octopode Venom Mage on Nov 2, 2019.
             Slain by an adder (4 damage)
             ... on level 2 of the Dungeon.
             The game lasted 00:02:29 (1722 turns).

iamserjio the Stinger (Octopode Venom Mage)         Turns: 1722, Time: 00:02:30

Health: -3/26      AC:  1    Str:  8    XL:     3   Next: 97%
Magic:  2/6        EV: 13    Int: 17    God:
Gold:   29         SH:  0    Dex: 12    Spells: 0/6 levels left

rFire    . . .     SeeInvis .   a - +0 dagger
rCold    . . .     Gourm    .   (no shield)
rNeg     . . .     Faith    .   (helmet restricted)
rPois    .         Spirit   .   (no amulet)
rElec    .         Reflect  .   (no ring)
rCorr    .         Harm     .   (no ring)
MR       .....                  (no ring)
Stlth    +++.......             (no ring)
HPRegen  0.08/turn              (no ring)
MPRegen  0.10/turn              (no ring)
                                (no ring)
                                (no ring)

@: lethally poisoned (-3 -> -4)
A: almost no armour, stealthy swim, amphibious, 8 rings, constrict 8, camouflage
1, gelatinous body 1
a: no special abilities


You were on level 2 of the Dungeon.
You were not hungry.

You visited 1 branch of the dungeon, and saw 2 of its levels.

You collected 29 gold pieces.

Inventory:

Hand Weapons
 a - a +0 dagger (weapon)
 d - a +0 short sword
Missiles
 c - 82 stones (quivered)
Scrolls
 e - a scroll of identify {@r1}
 g - a scroll of noise {unknown}
 h - a scroll of fog {unknown}
Comestibles
 b - 2 rations
 f - a chunk of flesh


   Skills:
 * Level 3.1 Fighting
 - Level 2.0 Dodging
 - Level 2.6 Stealth
 - Level 2.0 Spellcasting
 - Level 1.0 Conjurations
 - Level 0.8 Air Magic
 - Level 3.6 Poison Magic


You couldn't memorise any spells.
You knew the following spells:

 Your Spells              Type           Power        Failure   Level  Hunger
a - Sting                 Conj/Pois      #...         8%          1    #......
b - Mephitic Cloud        Conj/Pois/Air  #.......     28%         3    ###....
c - Poisonous Vapours     Pois/Air       #.....       12%         2    ###....

Your spell library contained the following spells:

 Spells                   Type           Power        Failure   Level  Hunger
 Olgreb's Toxic Radiance  Pois           ##......     41%         4    #####..
 Venom Bolt               Conj/Pois      #.........   90%         5    ######.


Dungeon Overview and Level Annotations

Branches:
Dungeon (2/15)

Altars:
Elyvilon


Innate Abilities, Weirdness & Mutations

You cannot wear most types of armour.
You are very stealthy in the water. (Stealth+)
You are amphibious.
You can wear up to eight rings at the same time.
You can use your tentacles to constrict eight enemies at once.
Your skin changes colour to match your surroundings (Stealth+).
Your rubbery body absorbs attacks. (AC +1, EV +1)


Message History

The adder bites you.
* * * LOW HITPOINT WARNING * * *
You aren't carrying any potions.
Unknown command.
Casting: Sting (safe; 8% risk of failure)
Okay, then.
Casting: Sting (safe; 8% risk of failure)
Aiming: Poisonous Vapours (safe; 12% risk of failure)
Aim: an adder (moderately wounded, constricted by you) Poisonous vapours surround the adder!
You constrict the adder.
The adder is poisoned.
The adder misses you.
You hit the adder but do no damage. You constrict the adder.
You feel sick. The adder bites you.
* * * LOW HITPOINT WARNING * * *
You aren't carrying any potions.
Unknown command.
Okay, then.
You hit the adder but do no damage. You constrict the adder.
The adder bites you.
You die...

.# #. .#.# #.##.#.# ....#
.......# #...# ......#
#...# ..#.#.### #...#
#####.#...... #...# ##
#..@Ss......##
#####...##.###.###g#.#.#...
................##.....#...
................#..#.......
................#.w#).##(..
.#.#.#÷#.#.###.##..........
........)..#...........####
.⌠.....⌠...#......#.....#
...._..^.................#


You could see an adder, a giant cockroach and a goblin.

Vanquished Creatures
  An adder (D:2)
  An ooze (D:1)
  2 dart slugs (D:1)
  4 bats
  2 giant cockroaches
  7 goblins
  6 hobgoblins (D:1)
  6 kobolds (D:1)
  A ball python (D:2)
  2 frilled lizards (D:1)
  8 rats
40 creatures vanquished.

Notes
Turn   | Place    | Note
-------+----------+-------------------------------------------
     0 | D:1      | iamserjio the Octopode Venom Mage began the quest for the
                  | Orb.
     0 | D:1      | Reached XP level 1. HP: 11/11 MP: 3/3
   131 | D:1      | Reached skill level 1 in Fighting
   157 | D:1      | Reached XP level 2. HP: 11/18 MP: 5/5
  1032 | D:1      | Reached XP level 3. HP: 20/25 MP: 6/6
  1474 | D:1      | Learned a level 3 spell: Mephitic Cloud
  1477 | D:1      | Learned a level 2 spell: Poisonous Vapours
  1636 | D:2      | Found a white marble altar of Elyvilon.
  1721 | D:2      | HP: 1/26 [adder (3)]
  1722 | D:2      | Slain by an adder

Levels and vault maps discovered:
D:1:      ebering_trefoil_twist, layout_loops_ring, minmay_3d_cube
D:2:      layout_loops_cross, first_ration, elyvilon_altar_5, uniq_terence

Skill      XL: |  1  2  3 |
---------------+----------+-----
Fighting       | 1 2 3 |  3.1
Dodging        | |  2.0
Stealth        | |  2.6
Spellcasting   | |  2.0
Conjurations   | |  1.0
Air Magic      | |  0.8
Poison Magic   | |  3.6

Action                   || total
-------------------------++-------
Melee: Dagger            ||   102
       Constrict         ||    24
       Tentacles         ||     8
 Cast: Sting             ||     8
       Poisonous Vapours ||     1
  Use: Scroll            ||     1
 Stab: Sleeping          ||    11
  Eat: Chunk             ||     3
Armor: Skin              ||     5
Dodge: Dodged            ||    55

Table legend:
 A = Non-vault XP
 B = Vault XP
 C = Vault XP percentage of total XP
 D = Non-vault monster count
 E = Vault monster count
 F = Vault count percentage of total count
                 A         B        C        D         E       F
            +---------+---------+-------+---------+---------+-------
      Total |      73 |       8 |   9.9 |      35 |       5 |  12.5
            +---------+---------+-------+---------+---------+-------
        D:1 |      49 |       8 |  14.0 |      26 |       5 |  16.1
        D:2 |      24 |       0 |   0.0 |       9 |       0 |   0.0
            +---------+---------+-------+---------+---------+-------
